 Dungeon Crawl Stone Soup version 0.30-a0-722-g3e6e8c874d (webtiles) character file.

Game seed: 5000100880765198149

32 theblackgale the Slasher (level 3, -5/33 HPs)
             Began as an Armataur Berserker on Jan 27, 2023.
             Slain by a polar bear (7 damage)
             ... created by the rage of Trog
             ... on level 3 of the Dungeon.
             The game lasted 00:04:09 (336 turns).

theblackgale the Slasher (Armataur Berserker)        Turns: 336, Time: 00:04:09

Health: -5/33      AC:  8    Str: 24    XL:     3   Next: 8%
Magic:  3/3        EV:  7    Int:  7    God:
Gold:   18         SH:  0    Dex:  9    Spells: 2/2 levels left

rFire   . . .      SeeInvis .    a - +0 falchion
rCold   . . .      Faith    .    (no shield)
rNeg    . . .      Spirit   .    b - +0 animal skin
rPois   .          Reflect  .    (no helmet)
rElec   .          Harm     .    (no cloak)
rCorr   .          Roll     +    (no gloves)
Will    .....                    c - +0 barding
Stlth   +                        (no amulet)
HPRegen 0.25/turn                d - ring of flight
MPRegen 0.08/turn                (no ring)

@: flying
A: large, rugged brown scales 3, deformed body, armoured tail, roll, long
tongue, awkward tongue
a: no special abilities


You were on level 3 of the Dungeon.
You visited 1 branch of the dungeon, and saw 3 of its levels.

You collected 18 gold pieces.

Inventory:

Hand Weapons
 a - a +0 falchion (weapon)
Armour
 b - a +0 animal skin (worn)
 c - a +0 barding (worn)
Jewellery
 d - a ring of flight (left hand)
Potions
 e - a potion of degeneration {unknown}
 f - a potion of might {unknown}


   Skills:
 + Level 3.1 Fighting
 + Level 3.3 Long Blades
 + Level 2.4 Armour
 + Level 1.6 Dodging
 + Level 0.4 Stealth


You had 2 spell levels left.
You didn't know any spells.
Your spell library contained the following spells:

 Spells                   Type           Power      Damage    Failure   Level
 Summon Small Mammal      Summ           0%         N/A       43%         1
 Call Canine Familiar     Summ           0%         N/A       80%         3
 Summon Guardian Golem    Hex/Summ       0%         N/A       80%         3


Dungeon Overview and Level Annotations

Branches:
Dungeon (3/15)

Altars:


Innate Abilities, Weirdness & Mutations

You are completely covered in rugged brown scales. (AC +3, +7% HP)
Armour fits poorly on your strangely shaped body.
You have a long armoured tail.
You roll when moving toward enemies. (Rampage)
Your long tongue fully drains potion bottles. (2x potion effects)
Your tongue gives you trouble enunciating. (1.5x scroll delay)


Message History

There is an open door here.
HP restored.
You reach down and open the door.
There is an open door here.
A ball python comes into view.
The ball python hisses angrily.
Trog sends monsters to punish you. 2 polar bears and a black bear come into view.
You hit the black bear.
The black bear is lightly wounded.
The ball python bites you but does no damage.
You closely miss the black bear.
You tail-slap the black bear, but do no damage.
The black bear is lightly wounded.
The ball python closely misses you. The black bear bites you.
The black bear closely misses you. The black bear barely misses you.
The polar bear bites you.
The polar bear claws you but does no damage.
The polar bear claws you.
You hear an angry hiss.
You barely miss the black bear. You tail-slap the black bear.
The black bear is lightly wounded.
The polar bear closely misses you. The polar bear claws you.
The polar bear claws you but does no damage.
The black bear bites you but does no damage.
The black bear claws you but does no damage. x2
The polar bear bites you but does no damage.
The polar bear claws you.
The polar bear claws you but does no damage.
The ball python bites you but does no damage.
The polar bear barely misses you. x2
The polar bear claws you but does no damage.
The black bear bites you.
* * * LOW HITPOINT WARNING * * *
The black bear claws you.
* * * LOW HITPOINT WARNING * * *
The black bear claws you.
* * * LOW HITPOINT WARNING * * *
The polar bear bites you!
You die...

###.#
#...#
#...# ##
#...#..
#...#.
+....
#.hS#
#..@#
#.hh#
#...#
##...#...
#.........
#.####....
#.# .....
#.# ....
#.# ###


You could see 2 polar bears, a black bear (berserk) and a ball python.

Vanquished Creatures
  An adder (D:2)
  A worm (D:2)
  A dart slug (D:2)
  3 ball pythons (D:1)
  4 endoplasms
  A goblin (D:2)
  A hobgoblin (D:2)
  2 kobolds (D:1)
  A frilled lizard (D:2)
  2 rats
17 creatures vanquished.

Notes
Turn   | Place    | Note
-------+----------+-------------------------------------------
     0 | D:1      | theblackgale the Armataur Berserker began the quest for the
                  | Orb.
     0 | D:1      | Reached XP level 1. HP: 19/19 MP: 1/1
    17 | D:1      | Fell from the grace of Trog
    79 | D:1      | Reached XP level 2. HP: 21/27 MP: 2/2
   193 | D:2      | Reached XP level 3. HP: 33/33 MP: 3/3
   334 | D:3      | Noticed a polar bear
   334 | D:3      | Noticed a polar bear
   334 | D:3      | Noticed a black bear
   336 | D:3      | Slain by a polar bear

Illustrated notes

Levels and vault maps discovered:
D:1:      dpeg_arrival_pond, layout_loops_ring
D:2:      layout_rooms, minmay_pentomino_s4
D:3:      layout_basic, serial_shops, shop, shop, nicolae_shop_behind_doors,
          shop, minmay_quadrilaterals

Skill      XL: |  1  2 |
---------------+-------+-----
Fighting       | 3 |  3.1
Long Blades    | 3 |  3.3
Armour         | |  2.4
Dodging        | |  1.6
Stealth        | |  0.4

Action                     || total
---------------------------++-------
  Melee: Falchion          ||    52
         Tailslap          ||     7
 Invoke: Renounce Religion ||     1
    Use: Potion            ||     1
 Armour: Animal skin       ||    43
  Dodge: Dodged            ||    35

Table legend: (Time is in decaauts)
 A = Elapsed time spent in this place.
 B = Non-inter-level travel time spent in this place.
 C = Inter-level travel time spent in this place.
 D = Time resting spent in this place.
 E = Time spent auto-exploring this place.
 F = Levels seen in this place.
 G = Mean time per level.
                   A        B        C        D        E       F      G
               +--------+--------+--------+--------+--------+-----+--------+
         Total |    342 |    153 |    189 |      0 |      0 |   3 |  114.0 |
       Dungeon |    342 |    153 |    189 |      0 |      0 |   3 |  114.0 |
               +--------+--------+--------+--------+--------+-----+--------+

Top non-repeatable levels by time:
     D:3: 124 daAuts
     D:1: 114 daAuts
     D:2: 103 daAuts
